 Dungeon Crawl Stone Soup version 0.16.1-17-g773cdaf (webtiles) character file.

9 masdan the Caller (level 2, -13/19 HPs)
             Began as a Mummy Summoner on Apr 22, 2015.
             Mangled by a small abomination (18 damage)
             ... summoned by miscasting Call Imp
             ... on level 1 of the Dungeon.
             The game lasted 00:08:45 (810 turns).

masdan the Caller (Mummy Summoner)                   Turns: 810, Time: 00:08:48

Health: -13/19     AC: 10    Str: 11    XL:     2   Next: 6%
Magic:  1/4        EV:  2    Int: 14    God:
Gold:   68         SH:  0    Dex: 12    Spells: 2 memorised, 2 levels left

rFire  x . .     SeeInvis .     (no weapon)
rCold  + . .     Clarity  .     i - +0 plate armour
rNeg   + + +     SustAb   .     (no shield)
rPois  ∞         Gourm    .     (no helmet)
rElec  .         Spirit   .     (no cloak)
rCorr  .         Warding  .     (no gloves)
rMut   .         Stasis   .     (no boots)
MR     .....                    (no amulet)
Stlth  ..........               (no ring)
                                (no ring)

@: very slightly contaminated, not resistant to hostile enchantments, extremely
unstealthy
A: no food or potions, fire vulnerability, restore body, cold resistance 1,
negative energy resistance 3, poison resistance, torment resistance, unbreathing
a: no special abilities


You were on level 1 of the Dungeon.
You were not hungry.

You visited 1 branch of the dungeon, and saw 1 of its levels.

You collected 68 gold pieces.

Inventory:

Missiles
 d - 19 stones (quivered)
Armour
 a - a +0 robe
 i - a +0 plate armour (worn)
Jewellery
 f - an uncursed ring of poison resistance {unknown}
Scrolls
 e - 2 scrolls of remove curse {unknown}
Potions
 c - a potion of haste {unknown}
 h - a potion of restore abilities {unknown}
Books
 b - a book of Callings

   Spells                             Type                      Level
   a - Summon Small Mammal            Summoning                    1
   b - Call Imp                       Summoning                    2
   c - Call Canine Familiar           Summoning                    3
   d - Summon Guardian Golem          Hexes/Summoning              4
   e - Summon Lightning Spire         Summoning/Air                4
   f - Summon Ice Beast               Ice/Summoning                4


   Skills:
 + Level 1.6 Dodging
 - Level 1.5 Stealth
 * Level 2.2 Spellcasting
 * Level 3.5 Summonings


You had 2 spell levels left.
You knew the following spells:

 Your Spells              Type           Power        Failure   Level  Hunger
a - Summon Small Mammal   Summ           ##..         100%        1    N/A
b - Call Imp              Summ           ##......     100%        2    N/A

Dungeon Overview and Level Annotations

Branches:
Dungeon (1/15)

Altars:
Nemelex Xobeh


Innate Abilities, Weirdness & Mutations

You do not eat or drink.
Your flesh is vulnerable to fire.
Your flesh is cold resistant.
You are immune to negative energy.
Your system is resistant to poisons.
You are immune to unholy pain and torment.
You can survive without breathing.


Message History

You miscast Summon Small Mammal.
Nothing appears to happen.
Casting: Summon Small Mammal
Confirm with . or Enter, or press ? or * to list all spells.
The spell is very dangerous to cast!
Continue anyway?
Uppercase [Y]es or [N]o only, please.
The spell is very dangerous to cast!
Continue anyway?
Uppercase [Y]es or [N]o only, please.
The spell is very dangerous to cast!
Continue anyway?
Uppercase [Y]es or [N]o only, please.
The spell is very dangerous to cast!
Continue anyway?
You miscast Call Imp.
A chorus of moans calls out to you!
You see here a leather armour.
You hit the small abomination but do no damage.
The small abomination hits you!
Ouch! That really hurt!
* * * LOW HITPOINT WARNING * * *
The small abomination hits you!!
Ouch! That really hurt!
You die...

.#.#..........#####..#
.###..........#......#
...'..........#.###..#
####........###.# ##.#
#........# #.####.#
###..#######......###########
#...# #....#.............
#...# #.x..#...##########
#...# #.x@.....#
#...#####..x.##..#
#............##..#
#....######'###..# #...##
#..)#... #...# ###.#...#
#...# .....# ..# ..... .....#


You could see 3 small abominations.

Vanquished Creatures
  A giant cockroach (D:1)
  2 giant newts (D:1)
3 creatures vanquished.

Vanquished Creatures (collateral kills)
  3 kobolds (D:1)
  5 bats (D:1)
  A goblin (D:1)
  2 rats (D:1)
11 creatures vanquished.

Vanquished Creatures (others)
  3 rats (D:1)
3 creatures vanquished.

Grand Total: 17 creatures vanquished

Notes
Turn   | Place    | Note
--------------------------------------------------------------
     0 | D:1      | masdan, the Mummy Summoner, began the quest for the Orb.
     0 | D:1      | Reached XP level 1. HP: 13/13 MP: 3/3
   405 | D:1      | Found a sparkling altar of Nemelex Xobeh.
   610 | D:1      | Reached XP level 2. HP: 19/19 MP: 4/4
   704 | D:1      | Learned a level 2 spell: Call Imp
   808 | D:1      | Noticed a small abomination
   808 | D:1      | Noticed a small abomination
   808 | D:1      | Noticed a small abomination
   810 | D:1      | Mangled by a small abomination

Action                   || total
-------------------------++-------
Melee: Unarmed           ||    19
 Cast: Summon Small Mamm ||    23
